 Dungeon Crawl Stone Soup version 0.30-a0-394-g3e4acdb0ae (webtiles) character file.

Game seed: 10384656121444781795

233 qeuew the Chopper (level 6, 0/53 HPs)
             Began as a Hill Orc Fighter on Dec 6, 2022.
             Slain by a gnoll
             ... wielding a +0 spear
              (2 damage)
             ... on level 3 of the Dungeon.
             The game lasted 00:05:34 (2217 turns).

qeuew the Chopper (Hill Orc Fighter)                Turns: 2217, Time: 00:05:35

Health: 0/53       AC:  8    Str: 21    XL:     6   Next: 5%
Magic:  7/7        EV:  9    Int:  8    God:
Gold:   133        SH:  4    Dex: 10    Spells: 5/5 levels left

rFire   . . .      SeeInvis .    a - +0 war axe
rCold   . . .      Faith    .    c - +0 buckler
rNeg    . . .      Spirit   .    b - +1 scale mail
rPois   .          Reflect  .    (no helmet)
rElec   .          Harm     .    (no cloak)
rCorr   .          Rampage  .    (no gloves)
Will    .....                    (no boots)
Stlth   ..........               (no amulet)
HPRegen 0.28/turn                (no ring)
MPRegen 0.10/turn                (no ring)

@: mighty, lethally poisoned (0 -> -22), flying
A: no striking features
a: no special abilities


You were on level 3 of the Dungeon.
You visited 1 branch of the dungeon, and saw 3 of its levels.
You also visited: Sewer.

You collected 133 gold pieces.

Inventory:

Hand Weapons
 a - a +0 war axe (weapon)
Missiles
 j - 5 javelins (quivered)
Armour
 b - a +1 scale mail (worn)
 c - a +0 buckler (worn)
Scrolls
 f - a scroll of amnesia
 k - 3 scrolls of identify
 l - a scroll of summoning
Potions
 d - a potion of might
 e - 2 potions of flight
 i - a potion of haste


   Skills:
 + Level 4.3 Fighting
 * Level 4.9 Axes
 + Level 1.3 Throwing
 + Level 3.9 Armour
 + Level 1.4 Dodging
 + Level 3.9 Shields
 * Level 2.0 Invocations


You had 5 spell levels left.
You didn't know any spells.
Your spell library contained the following spells:

 Spells                   Type           Power      Damage    Failure   Level
 Magic Dart               Conj           0%         1d3       83%         1
 Call Imp                 Summ           0%         N/A       92%         2
 Mephitic Cloud           Conj/Pois/Air  0%         N/A       99%         3


Dungeon Overview and Level Annotations

Branches:
Dungeon (3/15)              Sewer (visited)

Altars:
Yredelemnul


Message History

You block the gnoll's attack.
Things that are here:
a +0 whip; 3 stones; a +0 flail Unknown command.
You feel much better.
You feel very sick. You block the gnoll's attack.
The gnoll hits you but does no damage.
You hit the gnoll.
The gnoll is lightly wounded.
You feel very sick. The gnoll hits you but does no damage.
You are more poisoned.
The gnoll hits you but does no damage.
You closely miss the gnoll.
The gnoll is lightly wounded.
You feel very sick. The gnoll hits you but does no damage.
You are more poisoned.
The gnoll barely misses you.
You hit the gnoll.
The gnoll is severely wounded.
You feel extremely sick. The gnoll hits you but does no damage.
The gnoll closely misses you.
The gnoll hits you from afar with a +0 spear.
The gnoll hits you with a +0 spear of venom.
You are lethally poisoned!
You closely miss the gnoll.
The gnoll is severely wounded.
* * * LOW HITPOINT WARNING * * *
You feel extremely sick.
The gnoll hits you with a +0 spear of venom.
* * * LOW HITPOINT WARNING * * *
You are more poisoned.
The gnoll hits you but does no damage.
You slash the gnoll!
You kill the gnoll!
* * * LOW HITPOINT WARNING * * *
You feel extremely sick.
The gnoll hits you from afar with a +0 spear.
You die...

.................#
################.#
...)..#........#.#
...............#.#
.#####.........#.#.#
.#.............#.#.#
.#.##..........#.#.#
.#.##..........#.#g.
.#.#...........#@#.###
<#.##..........#)#gg.
.#.............#g#.####
...........~....g.....+
#####.##~~≈≈~##..#.####
......##~~~~~##..#.#
#####.~≈.....≈~..#..
#.~~.....~~..#...
#####.~≈.........#...J


You could see 2 gnolls.

Vanquished Creatures
  2 gnolls (D:3)
  4 river rats (Sewer)
  2 adders (D:2)
  4 worms
  4 dart slugs
  4 ball pythons
  4 endoplasms (D:1)
  2 giant cockroaches
  5 goblins
  5 hobgoblins
  8 jackals
  7 quokkas
  6 bats
  A frilled lizard (D:2)
  6 kobolds
  7 rats
71 creatures vanquished.

Vanquished Creatures (collateral kills)
  A kobold brigand (Sewer)
  A jackal (Sewer)
  A kobold (Sewer)
  A bat (D:3)
  A rat (D:2)
5 creatures vanquished.

Vanquished Creatures (others)
  A river rat zombie (Sewer)
1 creature vanquished.

Grand Total: 77 creatures vanquished

Notes
Turn   | Place    | Note
-------+----------+-------------------------------------------
     0 | D:1      | qeuew the Hill Orc Fighter began the quest for the Orb.
     0 | D:1      | Reached XP level 1. HP: 19/19 MP: 1/1
   169 | D:1      | Reached XP level 2. HP: 27/27 MP: 2/2
   324 | D:1      | Reached XP level 3. HP: 25/33 MP: 3/3
  1238 | D:2      | Reached XP level 4. HP: 30/40 MP: 4/4
  1363 | D:2      | Reached skill level 1 in Dodging
  1380 | D:2      | Found a faded altar of an unknown god.
  1390 | D:2      | Prayed at the altar of an unknown god.
  1390 | D:2      | Became a worshipper of Yredelemnul the Dark
  1390 | D:2      | Reached * piety under Yredelemnul
  1794 | D:3      | Reached skill level 1 in Throwing
  1880 | D:3      | Found a glowing drain.
  1908 | Sewer    | Entered a sewer
  1922 | Sewer    | Reached XP level 5. HP: 45/46 MP: 5/5
  1925 | Sewer    | Reached skill level 1 in Invocations
  1981 | Sewer    | Noticed a kobold brigand
  1996 | Sewer    | Killed a kobold brigand
  2023 | Sewer    | Found a white marble altar of Elyvilon.
  2101 | D:3      | Fell from the grace of Yredelemnul
  2207 | D:3      | Reached XP level 6. HP: 24/53 MP: 7/7
  2217 | D:3      | HP: 2/53 [poisoned by a gnoll]
  2217 | D:3      | Slain by a gnoll

Illustrated notes

Levels and vault maps discovered:
D:1:      giann_wishing_wells, layout_basic, serial_glass, glass_columns_b,
          glass_columns_c, glass_columns_a, glass_columns_b, glass_columns_b,
          glass_columns_b, glass_columns_a, glass_columns_a, feat_on_display,
          due_unseen_surprise, minmay_strange_pillars, feat_on_display,
          chequers_serial_rivers_large_b, minmay_quantized
D:2:      layout_loops_ring, hellmonk_ecumenical_altar_blasted
D:3:      cheibrodos_helix_gallery, layout_basic,
          mainiacjoe_overflow_tiny_flanked, cheibrodos_sewer_entry_sluice,
          st_stairs_7, minivault_14

Skill      XL: |  1  2  3  4  5 |
---------------+----------------+-----
Axes           | 3 4 |  4.9
Fighting       | 4 |  4.3
Dodging        | 1 |  1.4
Throwing       | 1 |  1.3
Invocations    | 2 |  2.0
Armour         | |  3.9
Shields        | |  3.9

Action                   |  1- 3 |  4- 6 || total
-------------------------+-------+-------++-------
Melee: War axe           |   112 |   102 ||   214
Invok: Renounce Religion |       |     1 ||     1
  Use: Scroll            |     6 |     3 ||     9
       Potion            |     4 |     4 ||     8
Armor: Scale mail        |    53 |    58 ||   111
Dodge: Dodged            |    51 |    52 ||   103
Block: Buckler           |    36 |    24 ||    60

Table legend: (Time is in decaauts)
 A = Elapsed time spent in this place.
 B = Non-inter-level travel time spent in this place.
 C = Inter-level travel time spent in this place.
 D = Time resting spent in this place.
 E = Time spent auto-exploring this place.
 F = Levels seen in this place.
 G = Mean time per level.
                   A        B        C        D        E       F      G
               +--------+--------+--------+--------+--------+-----+--------+
         Total |   2341 |   2295 |     46 |      0 |   1730 |   4 |  585.2 |
       Dungeon |   2111 |   2065 |     46 |      0 |   1574 |   3 |  703.7 |
         Sewer |    230 |    230 |      0 |      0 |    156 |   1 |  230.0 |
               +--------+--------+--------+--------+--------+-----+--------+

Top non-repeatable levels by time:
     D:1: 1008 daAuts
     D:2: 844 daAuts
     D:3: 258 daAuts
   Sewer: 230 daAuts
